[Event "Titled Tuesday Blitz February 22 Early 2022"]
[White "Goltseva, Ekaterina"]
[Black "Devaev, Alexander"]
[WhiteFideId "24173770"]
[BlackFideId "4169395"]
[WhiteElo "2140"]
[BlackElo "2185"]
[Result "1-0"]
[Round "05"]
[TimeControl "180+1"]
[Date "2022.02.22"]
[WhiteClock "0:00:04"]
[BlackClock "0:00:08"]

1. d4 Nf6 2. c4 e6 3. Nc3 Bb4 4. e3 c5 5. dxc5 Na6 6. Qc2 Nxc5 7. Nf3 Nce4 8. Be2 b6 9. O-O Bxc3 10. bxc3 Bb7 11. Ba3 Rc8 12. Qa4 Qc7 13. Rac1 Nc5 14. Qd1 O-O 15. Nd4 a6 16. f3 d6 17. Rb1 h6 18. Qe1 Rfd8 19. Qg3 Nh5 20. Qh4 Nf6 21. Rfd1 d5 22. Qg3 Qxg3 23. hxg3 Na4 24. Rbc1 dxc4 25. Be7 Re8 26. Bxf6 gxf6 27. e4 b5 28. Kf2 Kg7 29. Ke3 Rc5 30. f4 Bc8 31. g4 e5 32. fxe5 Rcxe5 33. Bf3 Nc5 34. Nc6 R5e6 35. Nd4 R6e7 36. Nc6 Rc7 37. Nb4 Bb7 38. Nd5 Bxd5 39. Rxd5 Nd3 40. Rh1 Ne5 41. Rd6 Rc6 42. Rd5 Re7 43. Kf4 Rec7 44. a4 Rc5 45. axb5 axb5 46. Rb1 Nd3+ 47. Ke3 Rb7 48. Kd4 Rbc7 49. Rxb5 Rxb5 50. Rxb5 Ne5 51. Be2 Rd7+ 52. Rd5 Rc7 53. Rc5 Rd7+ 54. Rd5 Rc7 55. Ke3 Kg6 56. Kf4 Ra7 57. Rc5 Ra3 58. Bxc4 Kg7 59. Bd5 Ra2 60. Rc7 Rxg2 61. c4 Rf2+ 62. Ke3 Rc2 63. c5 Rc3+ 64. Kd2 Rc1 65. Kxc1 1-0


[Site "https://www.chess.com"]

[Event "Titled Tuesday Blitz February 22 Early 2022"]
[White "Golubenko, Valentina"]
[Black "Araujo Filho, Luiz Antonio Coel"]
[WhiteFideId "4501993"]
[BlackFideId "2130661"]
[WhiteElo "2164"]
[BlackElo "2192"]
[Result "1-0"]
[Round "05"]
[TimeControl "180+1"]
[Date "2022.02.22"]
[WhiteClock "0:00:55"]
[BlackClock "0:00:33"]

1. d4 f5 2. c4 Nf6 3. g3 g6 4. Bg2 Bg7 5. Nc3 O-O 6. d5 d6 7. Nh3 c5 8. O-O Na6 9. Nf4 Nc7 10. e4 fxe4 11. Nxe4 Nxe4 12. Bxe4 Bf5 13. Bxf5 Rxf5 14. Re1 Re5 15. Bd2 Qd7 16. Qc2 Rf8 17. Nd3 Ref5 18. Bc3 Bxc3 19. Qxc3 R8f7 20. Re3 a6 21. a4 b5 22. axb5 axb5 23. b3 bxc4 24. bxc4 Rf3 25. Rxf3 Rxf3 26. Rb1 Ne8 27. Rb8 Rf8 28. Nf4 Nf6 29. Rxf8+ Kxf8 30. Ne6+ Kf7 31. Qe3 Qa4 32. Qh6 Qa1+ 33. Kg2 Qa8 34. Qg7+ Ke8 35. Qf8+ Kd7 36. Qxa8 1-0


[Site "https://www.chess.com"]

[Event "Titled Tuesday Blitz February 22 Early 2022"]
[White "Golubka, Petro"]
[Black "Martirosyan, Haik M."]
[WhiteFideId "14114224"]
[BlackFideId "13306553"]
[WhiteElo "2392"]
[BlackElo "2735"]
[Result "1-0"]
[Round "05"]
[TimeControl "180+1"]
[Date "2022.02.22"]
[WhiteClock "0:00:06"]
[BlackClock "0:00:02"]

1. e4 c5 2. Nc3 Nc6 3. Nf3 Nf6 4. Bb5 Qc7 5. a4 a6 6. Bxc6 Qxc6 7. d3 g6 8. O-O Bg7 9. h3 O-O 10. Re1 d6 11. Bg5 e5 12. a5 Be6 13. Qd2 Rfe8 14. Bh6 Bh8 15. b3 Qc7 16. Na4 Nd7 17. Ng5 Bf6 18. Rf1 Qd8 19. Kh1 Nf8 20. Rae1 Rc8 21. f4 exf4 22. Qxf4 Be5 23. Qd2 Nd7 24. Nf3 Bh8 25. Bg5 Qc7 26. Bf4 Rcd8 27. c4 Bg7 28. Bg3 h6 29. Bf4 g5 30. Bg3 Nf8 31. Nh2 Ng6 32. Nf3 Rf8 33. d4 f5 34. exf5 Bxf5 35. Nxc5 Rde8 36. Rxe8 Rxe8 37. Nd3 Qd7 38. Kh2 g4 39. hxg4 Bxg4 40. Nf4 Ne7 41. Nh4 Rf8 42. d5 Be5 43. Qe3 Nf5 44. Nxf5 Rxf5 45. Kg1 Qf7 46. Rf2 Qg7 47. Qe4 Qf6 48. Nh5 Qg5 49. Bxe5 Qc1+ 50. Kh2 Rxh5+ 51. Kg3 Rg5 52. Bf4 Qc3+ 53. Kh2 Rh5+ 54. Kg1 Qa1+ 55. Rf1 Qf6 56. Bg3 Bf5 57. Qf4 Rg5 58. Bh4 Rxg2+ 59. Kxg2 Qg6+ 60. Kh2 Qh5 61. Rg1+ Kh7 62. Rg3 Qe2+ 63. Rg2 Qh5 64. Qg3 Bg6 65. Kg1 Qd1+ 66. Qe1 Qh5 67. Qe7+ Bf7 68. Bf6 Qd1+ 69. Kh2 Qh5+ 70. Bh4 b6 71. axb6 Qf5 72. b7 Qf4+ 73. Bg3 Qf5 74. b8=Q Qh5+ 75. Bh4 Qf5 76. Qg8# 1-0


[Site "https://www.chess.com"]

[Event "Titled Tuesday Blitz February 22 Early 2022"]
[White "Gormally, Daniel W"]
[Black "Jakubowski, Krzysztof"]
[WhiteFideId "406465"]
[BlackFideId "1112848"]
[WhiteElo "2543"]
[BlackElo "2365"]
[Result "1/2-1/2"]
[Round "05"]
[TimeControl "180+1"]
[Date "2022.02.22"]
[WhiteClock "0:00:27"]
[BlackClock "0:00:02"]

1. b3 d5 2. Bb2 Bf5 3. e3 e6 4. Nf3 Nf6 5. Be2 Be7 6. O-O h6 7. c4 O-O 8. cxd5 exd5 9. d3 Bh7 10. Nbd2 a5 11. a3 c6 12. Rc1 Nbd7 13. Qc2 Re8 14. Qb1 Bf8 15. Rfd1 Nc5 16. Bd4 Nfd7 17. Nf1 Ne6 18. Ba1 Qb6 19. Ng3 Bxa3 20. Rc2 Bf8 21. e4 Nf4 22. Bf1 dxe4 23. dxe4 Nc5 24. Bc4 Nxe4 25. Ne5 Re7 26. Rd7 Nxg3 27. hxg3 Rxd7 28. Nxd7 Qd8 29. Nf6+ gxf6 30. gxf4 Qe7 31. Qc1 Bxc2 32. Qxc2 Qe1+ 33. Kh2 Qxa1 34. Qg6+ Kh8 35. Bxf7 Bg7 36. Be6 f5 37. Bxf5 Kg8 38. Be6+ Kh8 39. Bf5 Kg8 40. Be6+ Kh8 41. Bf5 1/2-1/2


[Site "https://www.chess.com"]

[Event "Titled Tuesday Blitz February 22 Early 2022"]
[White "Goryachkina, Aleksandra"]
[Black "Estrada Nieto, Julian"]
[WhiteFideId "4147103"]
[BlackFideId "5101018"]
[WhiteElo "2426"]
[BlackElo "2246"]
[Result "1-0"]
[Round "05"]
[TimeControl "180+1"]
[Date "2022.02.22"]
[WhiteClock "0:00:05"]
[BlackClock "0:00:12"]

1. e4 e5 2. Nf3 Nc6 3. d4 exd4 4. Nxd4 Nf6 5. Nxc6 bxc6 6. e5 Qe7 7. Qe2 Nd5 8. g3 g6 9. c4 Nb6 10. b3 Bg7 11. Bb2 O-O 12. Bg2 a5 13. O-O a4 14. Nd2 Bb7 15. f4 f6 16. Ne4 fxe5 17. fxe5 Bxe5 18. Bxe5 Qxe5 19. Nf6+ Qxf6 20. Rxf6 Rxf6 21. Rd1 axb3 22. axb3 d6 23. Qe7 Rf7 24. Qe6 Bc8 25. Qe8+ Kg7 26. Qxc6 Ra2 27. Qe4 Nd7 28. Qd4+ Ne5 29. c5 Bg4 30. cxd6 cxd6 31. Rc1 Rff2 32. Rc7+ Kh6 33. Qxf2 Rxf2 34. Kxf2 Be6 35. Rc3 d5 36. Ke1 Kg5 37. Kd2 d4 38. Rc5 Kf6 39. b4 Nc4+ 40. Kd3 Ne3 41. Be4 Bh3 42. b5 Bf1+ 43. Kxd4 Nf5+ 44. Bxf5 gxf5 45. b6 Bg2 46. Rc7 h5 47. b7 Bxb7 48. Rxb7 Kg5 49. Ke3 Kg4 50. Kf2 Kh3 51. Kg1 h4 52. gxh4 f4 53. Rf7 f3 54. Rxf3+ Kxh4 55. Rg3 1-0


[Site "https://www.chess.com"]

[Event "Titled Tuesday Blitz February 22 Early 2022"]
[White "Gracia Alvarez, Gerardo Antonio"]
[Black "Hess, Robert"]
[WhiteFideId "5109124"]
[BlackFideId "2022036"]
[WhiteElo "2139"]
[BlackElo "2557"]
[Result "0-1"]
[Round "05"]
[TimeControl "180+1"]
[Date "2022.02.22"]
[WhiteClock "0:00:03"]
[BlackClock "0:00:07"]

1. c4 g6 2. Nc3 Bg7 3. e4 d6 4. d4 Nd7 5. Nf3 h6 6. Be2 e6 7. O-O Ne7 8. Be3 b6 9. Qd2 Bb7 10. Ne1 d5 11. cxd5 exd5 12. exd5 Nf6 13. Bf3 Nfxd5 14. Nxd5 Bxd5 15. Rc1 Qd7 16. Qe2 O-O 17. Nd3 Nc6 18. Rfd1 Rfe8 19. Nf4 Bxf3 20. Qxf3 Ne7 21. g4 Rad8 22. b3 c6 23. h3 Nd5 24. Nxd5 cxd5 25. Bf4 Rc8 26. Rxc8 Rxc8 27. Be5 Re8 28. Bxg7 Kxg7 29. Rc1 Re4 30. Qc3 Qe6 31. Rd1 Qf6 32. Kg2 h5 33. Qf3 Rf4 34. Qg3 hxg4 35. hxg4 Qg5 36. f3 Rf6 37. Qf2 Rc6 38. Qd2 Qf6 39. Qe2 g5 40. Rd2 Qg6 41. Qe5+ Kh7 42. Qxd5 Rd6 43. Qe4 Kg7 44. Qxg6+ Kxg6 45. Kf2 Kf6 46. Ke3 Rc6 47. Ke4 Rc1 48. d5 Re1+ 49. Kd4 Ke7 50. Kc4 Kd6 51. Kb5 Re3 52. Ka6 Rxf3 53. Kxa7 Rf4 54. Kxb6 Rxg4 55. a4 Rb4+ 56. Ka7 Rxb3 57. a5 f5 58. a6 f4 59. Ka8 f3 60. a7 g4 61. Rd4 g3 62. Rf4 g2 63. Rxf3 Rxf3 64. Kb8 Rb3+ 0-1


[Site "https://www.chess.com"]

[Event "Titled Tuesday Blitz February 22 Early 2022"]
[White "Grunberg, Mihai-Lucian"]
[Black "Stanisz, Patryk"]
[WhiteFideId "1204149"]
[BlackFideId "1123106"]
[WhiteElo "2364"]
[BlackElo "1876"]
[Result "1-0"]
[Round "05"]
[TimeControl "180+1"]
[Date "2022.02.22"]
[WhiteClock "0:00:50"]
[BlackClock "0:00:03"]

1. Nf3 d5 2. d4 c6 3. c4 Nf6 4. Qc2 dxc4 5. Qxc4 Bf5 6. Nc3 e6 7. g3 Nbd7 8. Bg2 Be7 9. O-O O-O 10. Rd1 Ne4 11. Ne5 Nxc3 12. bxc3 Nxe5 13. Qb3 Nd7 14. Qxb7 Rb8 15. Qxa7 Qc8 16. Bf4 Ra8 17. Qc7 Qxc7 18. Bxc7 Rfc8 19. Bf4 Ra3 20. e4 Bg6 21. c4 h6 22. Rd2 Nf6 23. Re2 Bh5 24. f3 Rca8 25. Bc1 Rd3 26. g4 Bg6 27. Be3 Nd7 28. f4 Raa3 29. Bf2 Nf6 30. h3 Kf8 31. f5 Bh7 32. e5 Nd7 33. Bxc6 Nb6 34. d5 Rxh3 35. d6 Bd8 36. d7 Nxc4 37. Bc5+ Kg8 38. Bxa3 Nxa3 39. Rf1 exf5 40. gxf5 Nc4 41. e6 fxe6 42. fxe6 Bb6+ 43. Kg2 Bd8 44. Kxh3 1-0


[Site "https://www.chess.com"]

[Event "Titled Tuesday Blitz February 22 Early 2022"]
[White "Guliev, Logman"]
[Black "Murzin, Volodar"]
[WhiteFideId "13400061"]
[BlackFideId "44155573"]
[WhiteElo "2128"]
[BlackElo "2585"]
[Result "0-1"]
[Round "05"]
[TimeControl "180+1"]
[Date "2022.02.22"]
[WhiteClock "0:00:06"]
[BlackClock "0:00:02"]

1. e4 c6 2. d4 d5 3. exd5 cxd5 4. c4 Nf6 5. Nc3 Nc6 6. Bg5 dxc4 7. d5 Ne5 8. Qd4 Nd3+ 9. Bxd3 cxd3 10. Nf3 g6 11. Bxf6 exf6 12. O-O Be7 13. Rad1 O-O 14. Rxd3 f5 15. d6 Bf6 16. Qb4 Be6 17. Nd4 Qb6 18. Qxb6 axb6 19. Nxe6 fxe6 20. d7 Rfd8 21. Nb5 Rxa2 22. b3 Rc2 23. Re1 Rc6 24. g3 e5 25. Red1 e4 26. Rd5 Kf8 27. h4 Rc5 28. Na7 Rc3 29. Rd6 Be7 30. Rxb6 Rc7 31. h5 Bc5 32. Rf6+ Ke7 33. Nb5 Rcxd7 34. Rxd7+ Rxd7 0-1


[Site "https://www.chess.com"]

[Event "Titled Tuesday Blitz February 22 Early 2022"]
[White "Guseva, Marina"]
[Black "Samant Aditya S"]
[WhiteFideId "4149351"]
[BlackFideId "35080580"]
[WhiteElo "2232"]
[BlackElo "1916"]
[Result "0-1"]
[Round "05"]
[TimeControl "180+1"]
[Date "2022.02.22"]
[WhiteClock "0:00:08"]
[BlackClock "0:00:11"]

1. d4 Nf6 2. Nf3 e6 3. Bf4 c5 4. e3 d5 5. Nbd2 Nc6 6. c3 Bd6 7. Bg3 O-O 8. Bd3 Qe7 9. Ne5 Qc7 10. f4 Ne7 11. Bf2 b6 12. g4 Bb7 13. Qf3 Rad8 14. Rg1 Nd7 15. Qh3 Nf6 16. g5 Ne4 17. Bxe4 dxe4 18. Ng4 Nf5 19. O-O-O b5 20. Kb1 c4 21. Rg2 Kh8 22. Rdg1 b4 23. Nf6 gxf6 24. gxf6 Rg8 25. Bh4 bxc3 26. bxc3 Qb6+ 27. Ka1 Qa5 28. Nb1 Bd5 29. Rg7 Rb8 30. Rxh7+ Kxh7 31. Bg5+ Kg6 32. Bh4+ Kh7 33. Bg5+ Kg6 34. Qg4 Rxb1+ 35. Kxb1 Rb8+ 36. Kc1 Qxc3+ 37. Kd1 Rb1+ 0-1


[Site "https://www.chess.com"]

[Event "Titled Tuesday Blitz February 22 Early 2022"]
[White "Hakemi, Arman"]
[Black "Sviridov, Valery"]
[WhiteFideId "22520805"]
[BlackFideId "4120680"]
[WhiteElo "2208"]
[BlackElo "2454"]
[Result "0-1"]
[Round "05"]
[TimeControl "180+1"]
[Date "2022.02.22"]
[WhiteClock "0:00:14"]
[BlackClock "0:00:33"]

1. e4 e5 2. Nf3 Nc6 3. Nc3 g6 4. d4 exd4 5. Nxd4 Bg7 6. Be3 Nge7 7. Qd2 O-O 8. O-O-O d5 9. exd5 Nxd5 10. Bg5 Qd7 11. Nxc6 bxc6 12. Nxd5 cxd5 13. Qxd5 Qa4 14. Qc4 Qe8 15. Qc5 Be6 16. b3 a5 17. Bb5 Qb8 18. a4 c6 19. Bxc6 Ra6 20. Bb5 Ra7 21. Qxf8+ Bxf8 22. Rd8 Qc7 23. Rhd1 Kg7 24. Kb2 Qe5+ 25. Ka2 Qxg5 0-1


[Site "https://www.chess.com"]

[Event "Titled Tuesday Blitz February 22 Early 2022"]
[White "Ianov, Viktor"]
[Black "Zemerov, Vladimir"]
[WhiteFideId "14102730"]
[BlackFideId "4111583"]
[WhiteElo "2215"]
[BlackElo "2277"]
[Result "1/2-1/2"]
[Round "05"]
[TimeControl "180+1"]
[Date "2022.02.22"]
[WhiteClock "0:01:17"]
[BlackClock "0:01:16"]

1. Nf3 d5 2. g3 c6 3. Bg2 Bg4 4. O-O Nd7 5. d3 e5 6. Nbd2 Ngf6 7. e4 Bd6 8. h3 Bh5 9. exd5 cxd5 10. c4 d4 11. b4 O-O 12. c5 Bc7 13. Nc4 Re8 14. Re1 b5 15. cxb6 axb6 16. Bb2 b5 17. Ncd2 Rc8 18. Qb3 h6 19. a4 bxa4 20. Rxa4 Rb8 21. Nc4 Nc5 22. Qa3 Nxa4 23. Qxa4 Nd5 24. b5 Nc3 25. Bxc3 dxc3 26. Nfxe5 Bxe5 27. Nxe5 Qc7 28. d4 c2 29. Rc1 Bd1 30. Bd5 Rxe5 31. dxe5 Qxe5 32. Be4 Qb2 33. Qa1 Qxa1 34. Rxa1 g6 35. Rc1 Rxb5 36. Bxc2 Bxc2 37. Rxc2 Kg7 38. h4 h5 39. Kg2 Re5 40. Rd2 Re7 41. Rc2 Rd7 42. Rb2 Re7 43. Ra2 Rd7 44. Rb2 Re7 45. Ra2 Rd7 46. Rb2 1/2-1/2


[Site "https://www.chess.com"]

[Event "Titled Tuesday Blitz February 22 Early 2022"]
[White "Ibrahimli, Murad"]
[Black "De Silva, L M S T"]
[WhiteFideId "13410229"]
[BlackFideId "9953698"]
[WhiteElo "2109"]
[BlackElo "1631"]
[Result "1-0"]
[Round "05"]
[TimeControl "180+1"]
[Date "2022.02.22"]
[WhiteClock "0:00:47"]
[BlackClock "0:01:16"]

1. d4 Nf6 2. c4 e6 3. Nf3 b6 4. a3 Bb7 5. Nc3 Ne4 6. Nxe4 Bxe4 7. Bf4 d6 8. e3 Bb7 9. Be2 Be7 10. O-O Nd7 11. b4 O-O 12. Qc2 Bf6 13. Rfd1 Qe7 14. Bg3 e5 15. Rac1 c5 16. dxc5 dxc5 17. Nd2 e4 18. b5 Rfd8 19. a4 a5 20. Bc7 Rdc8 21. Bg3 Rd8 22. h3 Rac8 23. Bg4 g6 24. Bd6 Qxd6 25. Nxe4 Bxe4 26. Rxd6 Bxc2 27. Rxc2 Ne5 28. Rxf6 Rb8 29. Be2 1-0


[Site "https://www.chess.com"]

[Event "Titled Tuesday Blitz February 22 Early 2022"]
[White "Indjic, Aleksandar"]
[Black "Mikhailov, Viacheslav"]
[WhiteFideId "911925"]
[BlackFideId "4187369"]
[WhiteElo "2616"]
[BlackElo "2381"]
[Result "1-0"]
[Round "05"]
[TimeControl "180+1"]
[Date "2022.02.22"]
[WhiteClock "0:01:02"]
[BlackClock "0:00:03"]

1. c4 Nf6 2. Nc3 g6 3. d4 Bg7 4. Bg5 O-O 5. e3 d6 6. Be2 c5 7. d5 Qa5 8. Qd2 e6 9. Nf3 exd5 10. Bxf6 Bxf6 11. Nxd5 Qxd2+ 12. Nxd2 Bd8 13. Ne4 Ba5+ 14. Kf1 Nc6 15. Nxd6 Rd8 16. Nxc8 Raxc8 17. a3 Rd6 18. g3 Kf8 19. Bf3 Ne5 20. Be2 b5 21. b3 bxc4 22. Bxc4 Rcd8 23. Rd1 Nxc4 24. bxc4 Rb8 25. Kg2 Rb3 26. a4 Ra6 27. Rb1 Rxb1 28. Rxb1 Bb4 29. Ra1 Re6 30. Kf3 a5 31. Ke2 h5 32. Kd3 Kg7 33. h4 Re5 34. f4 Re8 35. e4 f6 36. Rd1 Rd8 37. Ke2 Re8 38. Kf3 Rb8 39. Nc7 Ba3 40. Nb5 Bb2 41. Rd7+ Kh6 42. Rd5 Bd4 43. Ke2 Re8 44. Kf3 Rb8 45. Rd7 Rb6 46. Ra7 Rb8 47. Rxa5 Rd8 48. Ra6 Ba1 49. Ke2 Kg7 50. a5 Re8 51. Kf3 Rd8 52. Rd6 Ra8 53. a6 g5 54. a7 g4+ 55. Ke2 Kg6 56. Rd7 Bd4 57. Rb7 f5 58. e5 Bxe5 59. fxe5 f4 60. Rb8 Kf5 61. Rxa8 1-0


[Site "https://www.chess.com"]

[Event "Titled Tuesday Blitz February 22 Early 2022"]
[White "Ishbaev, Alibek"]
[Black "Martins, Bruno Andre Leite"]
[WhiteFideId "14205017"]
[BlackFideId "1942255"]
[WhiteElo "2383"]
[BlackElo "2137"]
[Result "0-1"]
[Round "05"]
[TimeControl "180+1"]
[Date "2022.02.22"]
[WhiteClock "0:00:01"]
[BlackClock "0:00:08"]

1. c4 Nf6 2. Nc3 g6 3. e4 d6 4. g3 Bg7 5. Bg2 O-O 6. Nge2 c5 7. O-O Nc6 8. d3 Ne8 9. f4 Nc7 10. f5 e6 11. g4 Ne5 12. h3 Rb8 13. a4 a6 14. a5 b5 15. axb6 Rxb6 16. Rb1 Bb7 17. Be3 Bc6 18. Qd2 Rb3 19. Bh6 f6 20. Bxg7 Kxg7 21. Nf4 Qe7 22. Rf2 exf5 23. gxf5 g5 24. Nh5+ Kf7 25. Rd1 Rfb8 26. d4 Rxb2 27. Qxb2 Rxb2 28. Rxb2 Nxc4 29. Re2 cxd4 30. Rxd4 Ne5 31. Ng3 Nb5 32. Nxb5 axb5 33. Rc2 Qa7 34. Ne2 b4 35. Kh2 b3 36. Rb2 Qa3 37. Rdd2 Nc4 38. Nd4 Nxd2 39. Rxd2 Qb4 40. Nxb3 Qxb3 41. Rxd6 Qb8 42. e5 Bxg2 43. Rxf6+ Kg7 44. Re6 Qb2 45. Kg3 Bd5 0-1


[Site "https://www.chess.com"]

[Event "Titled Tuesday Blitz February 22 Early 2022"]
[White "Iskusnyh, Sergei"]
[Black "Sailer, Mike"]
[WhiteFideId "4120027"]
[BlackFideId "2012901"]
[WhiteElo "2492"]
[BlackElo "2109"]
[Result "1-0"]
[Round "05"]
[TimeControl "180+1"]
[Date "2022.02.22"]
[WhiteClock "0:01:03"]
[BlackClock "0:00:02"]

1. d4 d5 2. c4 Bf5 3. cxd5 Bxb1 4. Qa4+ Qd7 5. Qxd7+ Nxd7 6. Rxb1 Ngf6 7. Nf3 Nxd5 8. e4 Nb4 9. a3 Nc6 10. Be3 e6 11. Bb5 Ncb8 12. Ke2 a6 13. Ba4 b5 14. Bb3 Nc6 15. Rbc1 Na5 16. Ba2 Rc8 17. b4 Nb7 18. Rc6 a5 19. Rhc1 axb4 20. Rxc7 Rxc7 21. Rxc7 Nd8 22. axb4 Bxb4 23. d5 exd5 24. exd5 Bd6 25. Ra7 Nf6 26. Nd4 Bc5 27. Ra5 Kd7 28. Rxb5 Bxd4 29. Bxd4 Re8+ 30. Kd3 Re1 31. Bb3 Ne8 32. Rc5 f6 33. Ba4+ Ke7 34. Ra5 Nd6 35. Ra7+ Kf8 36. Bc5 Nf7 37. Rxf7+ Kxf7 38. Bxd6 Rd1+ 39. Bxd1 1-0


[Site "https://www.chess.com"]

[Event "Titled Tuesday Blitz February 22 Early 2022"]
[White "Ivanisevic, Ivan"]
[Black "Aaditya Dhingra"]
[WhiteFideId "912417"]
[BlackFideId "25678191"]
[WhiteElo "2495"]
[BlackElo "1789"]
[Result "1-0"]
[Round "05"]
[TimeControl "180+1"]
[Date "2022.02.22"]
[WhiteClock "0:00:33"]
[BlackClock "0:00:06"]

1. e4 e5 2. Nf3 Nc6 3. Nc3 Nf6 4. Bb5 Bb4 5. O-O O-O 6. d3 Bxc3 7. bxc3 d6 8. Bg5 Qe7 9. Re1 a6 10. Ba4 Nd8 11. d4 Ne6 12. Bh4 Nf4 13. Nd2 Ng6 14. Bg3 Bg4 15. Qc1 h5 16. h3 h4 17. Bh2 Bh5 18. Nf1 c5 19. Bb3 b5 20. dxc5 dxc5 21. c4 Qb7 22. Ne3 Nxe4 23. cxb5 Nc3 24. Qb2 Ne2+ 25. Kf1 Ngf4 26. b6 Nd4 27. Bc4 Bf3 28. Bxf4 exf4 29. gxf3 Qxf3 30. Bd5 Qxh3+ 31. Bg2 Qg4 32. Nxg4 1-0


[Site "https://www.chess.com"]

[Event "Titled Tuesday Blitz February 22 Early 2022"]
[White "Jacobson, Aaron"]
[Black "Srihari L R"]
[WhiteFideId "2089912"]
[BlackFideId "46617116"]
[WhiteElo "2265"]
[BlackElo "2121"]
[Result "1-0"]
[Round "05"]
[TimeControl "180+1"]
[Date "2022.02.22"]
[WhiteClock "0:00:04"]
[BlackClock "0:00:05"]

1. d4 f5 2. Nc3 Nf6 3. Bg5 e6 4. e4 fxe4 5. Nxe4 Be7 6. Bxf6 Bxf6 7. Nf3 O-O 8. Bd3 Nc6 9. c3 d5 10. Nxf6+ Qxf6 11. Qe2 Bd7 12. Bb5 a6 13. Bxc6 Bxc6 14. a4 Be8 15. Ne5 Bh5 16. f3 Rad8 17. O-O Qg5 18. Kh1 Rf6 19. Rae1 Rh6 20. Qf2 Rf8 21. g4 Bg6 22. Nd7 Rd8 23. Nc5 Bf7 24. Re5 Qe7 25. Nxb7 Rb8 26. Nc5 Qd6 27. a5 Rf6 28. b4 Rf8 29. Qg3 Kh8 30. Rfe1 Bg8 31. R1e3 Qc6 32. Kg2 Qb5 33. h4 Qc4 34. h5 Qa2+ 35. Qf2 Qa1 36. Nxa6 Rf4 37. Nc5 h6 38. a6 Bh7 39. Qe2 Bg8 40. Nd7 Ra8 41. Nc5 Raf8 42. Nxe6 Bxe6 43. Rxe6 Kh7 44. Qd3+ Kg8 45. Qe2 Kh7 46. Re8 Rxe8 47. Rxe8 Qxc3 48. a7 Rxd4 49. a8=Q Rd2 50. Rh8# 1-0


[Site "https://www.chess.com"]

[Event "Titled Tuesday Blitz February 22 Early 2022"]
[White "Janaszak, Dawid"]
[Black "Faizrakhmanov, Ramil"]
[WhiteFideId "1119206"]
[BlackFideId "24103209"]
[WhiteElo "2199"]
[BlackElo "2502"]
[Result "0-1"]
[Round "05"]
[TimeControl "180+1"]
[Date "2022.02.22"]
[WhiteClock "0:00:13"]
[BlackClock "0:01:17"]

1. e4 c5 2. Nc3 d6 3. f4 Nf6 4. Nf3 g6 5. Bc4 Bg7 6. e5 dxe5 7. fxe5 Ng4 8. O-O O-O 9. e6 Bxe6 10. Bxe6 fxe6 11. Qe2 Ne5 12. d3 Nbc6 13. Nxe5 Rxf1+ 14. Qxf1 Bxe5 15. Ne4 Qd5 16. Bg5 Rf8 17. Qc1 Nd4 18. Kh1 Bd6 19. Bh6 Rf7 20. Qd2 Qe5 21. g3 Qh5 22. Bf4 e5 23. Bg5 Nf3 24. Qe3 Qxh2# 0-1


[Site "https://www.chess.com"]

[Event "Titled Tuesday Blitz February 22 Early 2022"]
[White "Jaracz, Pawel"]
[Black "Shohat, Yotam"]
[WhiteFideId "1102222"]
[BlackFideId "2813955"]
[WhiteElo "2429"]
[BlackElo "2119"]
[Result "1-0"]
[Round "05"]
[TimeControl "180+1"]
[Date "2022.02.22"]
[WhiteClock "0:00:50"]
[BlackClock "0:00:01"]

1. e4 c5 2. Nf3 g6 3. d4 cxd4 4. Nxd4 Nc6 5. Nc3 Bg7 6. Be3 Nf6 7. Bc4 O-O 8. Bb3 d6 9. f3 Bd7 10. Qd2 Nxd4 11. Bxd4 b5 12. a4 bxa4 13. Nxa4 Be6 14. Bxe6 fxe6 15. O-O Nd7 16. Bxg7 Kxg7 17. Kh1 e5 18. Nc3 Nb6 19. Ne2 Qc7 20. b3 a5 21. f4 Qc5 22. f5 a4 23. Qg5 Rf6 24. Ng3 Kf7 25. bxa4 Nc4 26. fxg6+ hxg6 27. Rxf6+ exf6 28. Rf1 Rxa4 29. Qxf6+ 1-0


[Site "https://www.chess.com"]

[Event "Titled Tuesday Blitz February 22 Early 2022"]
[White "Jiang, Brian"]
[Black "Hua, Lefong"]
[WhiteFideId "2627922"]
[BlackFideId "2602253"]
[WhiteElo "2413"]
[BlackElo "2579"]
[Result "0-1"]
[Round "05"]
[TimeControl "180+1"]
[Date "2022.02.22"]
[WhiteClock "0:00:01"]
[BlackClock "0:00:20"]

1. d4 Nf6 2. c4 g6 3. Nc3 Bg7 4. e4 d6 5. f3 O-O 6. Be3 c5 7. dxc5 dxc5 8. Qxd8 Rxd8 9. Bxc5 Nc6 10. Nge2 b6 11. Ba3 Nd7 12. O-O-O Ba6 13. Nb5 Nde5 14. Nec3 Rxd1+ 15. Kxd1 Rd8+ 16. Kc2 Bh6 17. Nd5 e6 18. Nbc3 exd5 19. cxd5 Nd4+ 20. Kb1 Bxf1 21. Rxf1 Nc4 22. Rd1 Nxa3+ 23. bxa3 Be3 24. Rd3 Bg1 25. Rd1 Bf2 26. Rd2 Be1 27. Rxd4 Bxc3 28. Rc4 Be5 29. g3 g5 30. Rc6 f6 31. Kc2 Kf7 32. Kd3 Ke7 33. Ke3 Bd6 34. f4 gxf4+ 35. gxf4 Rd7 36. e5 fxe5 37. fxe5 Bxa3 38. Ke4 Kd8 39. Rh6 Rg7 40. d6 b5 41. Kd5 b4 42. e6 Bb2 43. Rh4 Rg1 0-1


[Site "https://www.chess.com"]

[Event "Titled Tuesday Blitz February 22 Early 2022"]
[White "Jobava, Baadur"]
[Black "Grischuk, Alexander"]
[WhiteFideId "13601520"]
[BlackFideId "4126025"]
[WhiteElo "2617"]
[BlackElo "2762"]
[Result "1-0"]
[Round "05"]
[TimeControl "180+1"]
[Date "2022.02.22"]
[WhiteClock "0:00:10"]
[BlackClock "0:00:01"]

1. e4 e6 2. d4 d5 3. exd5 exd5 4. Nf3 Nf6 5. Bd3 Bd6 6. O-O O-O 7. h3 h6 8. Re1 Re8 9. Rxe8+ Qxe8 10. Nc3 c6 11. Ne2 Qe7 12. Bf4 Ne4 13. Qc1 Bf5 14. Qe3 Nd7 15. Bxd6 Qxd6 16. Re1 Bh7 17. Qf4 Qxf4 18. Nxf4 Re8 19. h4 Nd6 20. Bxh7+ Kxh7 21. Rxe8 Nxe8 22. Nd3 Nd6 23. Nfe5 Nxe5 24. dxe5 Nc4 25. h5 g6 26. hxg6+ Kxg6 27. f3 h5 28. Kf2 Kf5 29. f4 a5 30. Ke2 Kg4 31. b3 Na3 32. Kd2 Nb5 33. Ke3 Na3 34. c3 Nb5 35. c4 dxc4 36. bxc4 Nc3 37. a3 b5 38. cxb5 cxb5 39. Kd4 Ne2+ 40. Ke3 Nc3 41. Kd4 Ne2+ 42. Ke3 Ng3 43. Kd4 Nf5+ 44. Kc5 b4 45. a4 Ne3 46. Kb5 Nxg2 47. Kxa5 h4 48. Kxb4 h3 49. Nf2+ Kg3 50. Nxh3 Kxh3 51. f5 Ne3 52. a5 Nxf5 53. a6 Ne7 54. Kc5 Nc8 55. Kc6 Kg4 56. Kb7 Ne7 57. a7 1-0


[Site "https://www.chess.com"]

[Event "Titled Tuesday Blitz February 22 Early 2022"]
[White "Jodorcovsky Werjivker, Paulo"]
[Black "Tologon tegin, Semetei"]
[WhiteFideId "3700305"]
[BlackFideId "13800574"]
[WhiteElo "2075"]
[BlackElo "2258"]
[Result "0-1"]
[Round "05"]
[TimeControl "180+1"]
[Date "2022.02.22"]
[WhiteClock "0:00:01"]
[BlackClock "0:00:02"]

1. d4 d5 2. c4 e6 3. Nc3 Nf6 4. cxd5 exd5 5. Bg5 Nbd7 6. e3 Be7 7. Bd3 O-O 8. Nf3 c6 9. Qc2 Re8 10. h3 Nf8 11. O-O Be6 12. Rab1 Rc8 13. b4 a6 14. Na4 Ne4 15. Bxe7 Rxe7 16. Nc5 Nd6 17. a4 g6 18. Rfc1 Bf5 19. Ne5 f6 20. Bxf5 Nxf5 21. Ned3 Nd6 22. Qa2 Kh8 23. h4 Ne6 24. Nxe6 Rxe6 25. Nc5 Re7 26. Qe2 Kg7 27. h5 Nf5 28. Qf3 Nd6 29. Qh3 Qe8 30. h6+ Kh8 31. Rb3 Rd8 32. Rcb1 Qf7 33. b5 axb5 34. axb5 Nxb5 35. Ra1 f5 36. Qh4 Rde8 37. Nd3 Kg8 38. Ne5 Qf8 39. Rb2 Nd6 40. Rba2 Nc4 41. Nxc4 dxc4 42. Ra8 Re4 43. Rxe8 Rxe8 44. Ra7 Qe7 45. Qf4 c3 46. Qf3 c2 47. Ra1 Qb4 48. Rf1 Qb1 49. Qe2 c1=Q 0-1


[Site "https://www.chess.com"]